 Dungeon Crawl Stone Soup version 0.26-a0-259-g1effd001a9 (webtiles) character file.

Game seed: 1992750037598481515

13452 jt the Severer (level 12, -14/81 HPs)
             Began as a Formicid Fighter on July 10, 2020.
             Was a High Priest of Kikubaaqudgha.
             Demolished by a death scarab (25 damage)
             ... in a Gauntlet.
             The game lasted 00:31:45 (15848 turns).

jt the Severer (Formicid Fighter)                  Turns: 15848, Time: 00:31:45

Health: -14/81     AC: 12    Str: 22    XL:     12   Next: 32%
Magic:  16/16      EV:  7    Int: 12    God:    Kikubaaqudgha [*****.]
Gold:   376        SH: 17    Dex: 16    Spells: 10/17 levels left

rFire    + + .     SeeInvis +   a - +1 war axe
rCold    . . .     Faith    .   c - +0 kite shield
rNeg     . . .     Spirit   .   k - +1 chain mail {rF+}
rPois    .         Reflect  +   (helmet unavailable)
rElec    .         Harm     .   i - +1 cloak
rCorr    .                      (no gloves)
MR       +....                  (no boots)
Stlth    ..........             H - amulet of reflection
HPRegen  0.23/turn              s - +6 ring of dexterity
MPRegen  0.15/turn              D - ring of protection from fire

@: mighty
A: permanent stasis, dig shafts and tunnels, four strong arms, antennae 3
a: Dig, Shaft Self, Receive Corpses, Torment, Renounce Religion


You were in a Gauntlet.
You worshipped Kikubaaqudgha.
Kikubaaqudgha was extremely pleased with you.
You were hungry.

You visited 3 branches of the dungeon, and saw 14 of its levels.
You also visited: Gauntlet.

You collected 616 gold pieces.
You spent 240 gold pieces at shops.

Inventory:

Hand Weapons
 a - a +1 war axe (weapon)
 b - a +1 shortbow of flaming
 g - a +0 vorpal shortbow
 o - a +2 flail of protection
 r - a +0 hunting sling
 x - a +0 trident
 z - a +0 whip of freezing
 J - a +0 broad axe
 K - a +0 battleaxe
Missiles
 l - 89 bolts
 q - 14 boomerangs (quivered)
 u - 241 arrows
 I - 50 sling bullets
 L - 11 poisoned darts
 M - 4 curare-tipped darts
Armour
 c - a +0 kite shield (worn)
 i - a +1 cloak (worn)
 k - a +1 chain mail of fire resistance (worn)
Jewellery
 s - a +6 ring of dexterity (left hand)
 y - an uncursed ring of flight
 D - a ring of protection from fire (right hand)
 F - an uncursed ring of positive energy
 H - an amulet of reflection (around neck)
Wands
 j - a wand of random effects (20)
 p - a wand of clouds (5)
 E - a wand of iceblast (4)
 G - a wand of polymorph (20)
Scrolls
 e - 7 scrolls of identify
 n - 2 scrolls of immolation
 w - 3 scrolls of remove curse
Potions
 h - 6 potions of curing
 v - 5 potions of lignification
 B - a potion of mutation
 C - a potion of flight
Comestibles
 f - 22 rations


   Skills:
 - Level 3.2 Fighting
 + Level 15.7 Axes
 - Level 3.2 Armour
 - Level 9.0 Shields
 + Level 3.0 Spellcasting
 + Level 3.0 Necromancy
 - Level 5.0 Evocations


You had 10 spell levels left.
You knew the following spells:

 Your Spells              Type           Power        Failure   Level
a - Vampiric Draining     Necr           #.........   87%         3
b - Animate Dead          Necr           #.........   99%         4

Your spell library contained the following spells:

 Spells                   Type           Power        Failure   Level
 Pain                     Necr           #...         52%         1
 Sublimation of Blood     Necr           #.........   65%         2
 Corpse Rot               Necr/Air       N/A          86%         2
 Corona                   Hex            #......      91%         1
 Ensorcelled Hibernation  Hex/Ice        #.....       97%         2
 Confusing Touch          Hex            #.......     99%         3
 Dazzling Flash           Conj/Hex       #.....       99%         3
 Tukima's Dance           Hex            #.......     99%         3
 Dispel Undead            Necr           #.......     99%         4
 Agony                    Necr           #.......     100%        5
 Borgnjor's Vile Clutch   Necr/Erth      #.........   100%        5
 Death Channel            Necr           #.........   100%        6


Dungeon Overview and Level Annotations

Branches:
Dungeon (10/15)            Temple (1/1) D:7            Lair (3/6) D:9
Gauntlet (1/1)
  Swamp: Lair:2-4    Shoals: Lair:2-4     Snake: Lair:2-4    Spider: Lair:2-4
    Orc: D:9-12

Altars:
Ashenzari
Cheibriados
Dithmenos
Elyvilon
Fedhas
Gozag
Hepliaklqana
Kikubaaqudgha
Makhleb
Nemelex Xobeh
Okawaru
Qazlal
Ru
Sif Muna
Trog
Uskayaw
Vehumet
Wu Jian
Xom
Yredelemnul
Zin
The Shining One

Shops:
D:6 !   D:8 (   D:9 !}?%

Annotations:
D:8 3 runed translucent doors Gauntlet 13 transporters, 3 runed translucent doors


Innate Abilities, Weirdness & Mutations

You cannot be hasted, slowed, berserked, paralysed or teleported.
You can dig through walls and to a lower floor.
Your four strong arms can wield two-handed weapons with a shield.
You have a pair of large antennae on your head. (SInv)


Message History

Aim: a death scarab (moderately damaged)
The mass of ice explodes!
The iceblast engulfs the death scarab!
The death scarab is heavily damaged.
You block the death scarab's attack.
The death scarab bites you but does no damage.
You slash the death scarab!
The death scarab is almost destroyed.
The death scarab bites you!!
* * * LOW HITPOINT WARNING * * *
The death scarab drains your vigour!
Your stasis prevents you from being slowed.
The death scarab draws strength from your injuries!
Evoke which item? (* to show all) (? for menu, Esc to quit)
Aiming: Iceblast
Press: ? - help, Shift-Dir - straight line, p - death scarab The mass of ice explodes!
The iceblast engulfs the death scarab!
The death scarab is almost destroyed.
The death scarab bites you!!
You die...
Kikubaaqudgha rasps: "You have failed me!
Welcome... death!"

## ### ### ### ### ###
##≈###≈###≈###≈###≈###≈#
#≈≈≈#≈≈≈#≈≈≈#≈≈≈#≈≈≈#≈≈≈
#≈.....................
##...##################
##≈...#.......#8©8##.#.#
#≈≈∩..#s.####.#...#.#.#.
##≈...#@#...#.#...##.#.#
##..©#.#.©.#©#©.©#.#.#.
##≈...#.#...#!######.#©#
#≈≈∩..#.####..#...#G#.#.
##≈...#.......#.8.##G#.#
##...#########...######
#≈.....................
#≈≈≈#≈≈≈#≈≈≈#≈≈≈#≈≈≈#≈≈≈
##≈###≈###≈###≈###≈###≈#


You could see a death scarab.

Vanquished Creatures
  Nergalle (Lair:1)
  Pikel (D:4)
  4 cane toads
  A rime drake (Lair:3)
  4 komodo dragons
  3 hippogriffs
  Grinder (D:5)
  4 hornets (D:10)
  A wyvern (Lair:1)
  A basilisk (D:9)
  6 yaks
  A vampire (D:10)
  A spectral cane toad (Gauntlet)
  Edmund (D:6)
  Duvessa (D:4)
  4 water moccasins
  2 orc warriors
  5 porcupines
  5 ice beasts
  5 black bears
  A sky beast (D:5)
  An eye of draining (D:9)
  5 centaurs
  A necrophage (D:6)
  4 ogres
  6 wolves
  9 crocodiles
  7 bullfrogs
  A lemure (D:4)
  A wyvern zombie (D:10)
  Dowan (D:4)
  2 scorpions
  An electric eel (Lair:2)
  11 wights
  A bullfrog zombie (D:6)
  2 centaur zombies
  2 jellies
  5 orc priests
  5 hounds
  A bullfrog skeleton (D:9)
  3 iguanas
  14 orc wizards
  4 worker ants
  A hound zombie (D:9)
  2 hound skeletons (D:4)
  13 river rats (D:6)
  12 adders
  2 shadow imps
  3 white imps
  2 ufetubi
  5 adder skeletons
  4 worms
  4 dart slugs
  7 leopard geckos
  55 orcs
  7 bats
  5 giant cockroaches
  7 hobgoblins
  2 jackals (D:7)
  11 quokkas
  A ball python (D:6)
  5 frilled lizards
  4 goblins
  3 kobolds
  A quokka zombie (D:7)
  25 rats
  A fungus (Lair:1)
  A plant (D:9)
323 creatures vanquished.

Vanquished Creatures (others)
  An adder (D:8)
  2 fungi (D:9)
  14 plants (D:9)
17 creatures vanquished.

Grand Total: 340 creatures vanquished

Notes
Turn   | Place    | Note
-------+----------+-------------------------------------------
     0 | D:1      | jt the Formicid Fighter began the quest for the Orb.
     0 | D:1      | Reached XP level 1. HP: 18/18 MP: 1/1
   255 | D:1      | Reached XP level 2. HP: 23/24 MP: 2/2
   745 | D:2      | Reached XP level 3. HP: 29/29 MP: 3/3
   879 | D:2      | Reached skill level 3 in Axes
   929 | D:2      | Reached XP level 4. HP: 18/35 MP: 4/4
  1413 | D:2      | Reached skill level 5 in Shields
  1854 | D:2      | You fall into a shaft and drop 1 floor!
  1880 | D:3      | Found a sparkling altar of Nemelex Xobeh.
  2276 | D:3      | Reached XP level 5. HP: 41/41 MP: 5/5
  2573 | D:3      | Found an ancient bone altar of Kikubaaqudgha.
  2599 | D:3      | Became a worshipper of Kikubaaqudgha
  3026 | D:3      | Reached skill level 4 in Axes
  3221 | D:3      | Reached XP level 6. HP: 47/47 MP: 6/6
  3354 | D:4      | Noticed Dowan
  3354 | D:4      | Noticed Duvessa
  3381 | D:4      | Killed Duvessa
  3490 | D:4      | Killed Dowan
  3490 | D:4      | Reached skill level 5 in Axes
  3490 | D:4      | Reached XP level 7. HP: 52/52 MP: 7/7
  4055 | D:4      | Noticed Pikel
  4089 | D:4      | Killed Pikel
  4089 | D:4      | Reached skill level 6 in Axes
  4089 | D:4      | Reached XP level 8. HP: 31/58 MP: 8/8
  4283 | D:4      | Reached * piety under Kikubaaqudgha
  4283 | D:4      | Identified Kikubaaqudgha's Catalogue of Black Magic
                  | (Kikubaaqudgha gifted it to you on level 4 of the Dungeon)
  4283 | D:4      | Received a gift from Kikubaaqudgha
  4606 | D:5      | Entered Level 5 of the Dungeon
  4683 | D:5      | Reached skill level 7 in Axes
  4800 | D:5      | Noticed Grinder
  4844 | D:5      | Killed Grinder
  4969 | D:5      | Reached skill level 8 in Axes
  5032 | D:5      | Reached XP level 9. HP: 51/64 MP: 9/9
  5547 | D:5      | Reached skill level 9 in Axes
  6187 | D:6      | Noticed Edmund
  6208 | D:6      | Killed Edmund
  6329 | D:6      | Reached skill level 10 in Axes
  6354 | D:6      | Reached ** piety under Kikubaaqudgha
  6633 | D:6      | Found Nauson's Distillery.
  6636 | D:6      | Bought a potion of heal wounds for 75 gold pieces
  6636 | D:6      | Bought a potion of mutation for 120 gold pieces
  6636 | D:6      | Bought a potion of lignification for 45 gold pieces
  7387 | D:7      | Reached skill level 11 in Axes
  7390 | D:7      | Reached XP level 10. HP: 52/70 MP: 10/10
  7719 | D:7      | Found a staircase to the Ecumenical Temple.
  7733 | Temple   | Entered the Ecumenical Temple
  7819 | D:7      | Reached *** piety under Kikubaaqudgha
  7819 | D:7      | Identified Kikubaaqudgha's Reference Book on Sinister Arts
                  | (Kikubaaqudgha gifted it to you on level 7 of the Dungeon)
  7819 | D:7      | Received a gift from Kikubaaqudgha
  8433 | D:8      | Reached skill level 12 in Axes
  8567 | D:8      | Found Ibi Podd's Weapon Shoppe.
  8610 | D:8      | Found a runed translucent gate.
  8610 | D:8      | Found a runed translucent gate.
  8610 | D:8      | Found a runed translucent gate.
  8611 | D:8      | Noticed a glowing orange brain
  8611 | D:8      | Noticed a white ugly thing
  8611 | D:8      | Noticed a red ugly thing
  8611 | D:8      | Noticed a red ugly thing
  8612 | D:8      | Noticed a cyan ugly thing
 10104 | D:9      | Reached skill level 13 in Axes
 10135 | D:9      | Found Egurug's Gadget Shoppe.
 10140 | D:9      | Found Dorrubill's Distillery.
 10427 | D:9      | Reached **** piety under Kikubaaqudgha
 10510 | D:9      | Found a staircase to the Lair.
 10834 | D:9      | Found Bohuann's Magic Scroll Boutique.
 10989 | D:9      | Reached XP level 11. HP: 71/75 MP: 11/11
 11160 | D:9      | Found Arufodah's Food Boutique.
 11391 | D:10     | Entered Level 10 of the Dungeon
 11401 | D:9      | Reached skill level 14 in Axes
 12278 | D:10     | Reached skill level 1 in Evocations
 12303 | D:10     | Noticed a two-headed ogre
 12384 | Lair:1   | Entered Level 1 of the Lair of Beasts
 12723 | Lair:1   | Reached ***** piety under Kikubaaqudgha
 12723 | Lair:1   | Reached skill level 15 in Axes
 13599 | Lair:1   | Noticed Nergalle
 13617 | Lair:1   | Killed Nergalle
 13617 | Lair:1   | Reached skill level 5 in Evocations
 13617 | Lair:1   | Reached XP level 12. HP: 21/81 MP: 12/12
 13683 | Lair:1   | Learned a level 3 spell: Vampiric Draining
 13688 | Lair:1   | Learned a level 4 spell: Animate Dead
 14021 | Lair:1   | Reached skill level 1 in Necromancy
 14583 | Lair:1   | Reached skill level 1 in Spellcasting
 14841 | Lair:2   | Found a burning altar of Makhleb.
 15674 | Lair:3   | Found a gate leading to a gauntlet.
 15687 | Gauntlet | Entered a Gauntlet
 15687 | Gauntlet | Found a transporter.
 15694 | Gauntlet | Noticed a death scarab
 15697 | Gauntlet | Found a transporter.
 15697 | Gauntlet | Found a transporter.
 15698 | Gauntlet | Found a transporter.
 15707 | Gauntlet | Found a transporter.
 15709 | Gauntlet | Found a transporter.
 15710 | Gauntlet | Found a transporter.
 15719 | Gauntlet | Found a transporter.
 15721 | Gauntlet | Found a transporter.
 15722 | Gauntlet | Found a transporter.
 15730 | Gauntlet | Found a transporter.
 15733 | Gauntlet | Found a transporter.
 15734 | Gauntlet | Found a transporter.
 15737 | Gauntlet | Noticed a blizzard demon
 15740 | Gauntlet | Found a runed translucent gate.
 15740 | Gauntlet | Found a runed translucent gate.
 15740 | Gauntlet | Found a runed translucent gate.
 15740 | Gauntlet | Noticed a hell beast
 15742 | Gauntlet | Found a transporter.
 15848 | Gauntlet | Demolished by a death scarab

Illustrated notes

Levels and vault maps discovered:
D:1:      eino_arrival_cavern_e, layout_basic
D:2:      layout_loops_ring, first_ration, kennysheep_generic_room_2
D:3:      layout_basic, kiku_gazebo_pond_becter,
          nemelex_xobeh_ov_fountains_minmay
D:4:      layout_loops_ring, uniq_pikel, uniq_duvessa
D:5:      layout_rooms, uniq_grinder
D:6:      lemuel_ratsnest, layout_rooms, serial_shops,
          nicolae_shop_behind_doors, uniq_edmund
D:7:      layout_rooms, minmay_temple_entry_butterflies
D:8:      layout_basic, ploomutoo_gammafunk_ghost_potion_laboratory,
          serial_shops, shop
D:9:      layout_cave_pods, minmay_lair_entry_grove, serial_column_ruins,
          column_ruins_hut, column_ruins_columns_straight, column_ruins_grid_1,
          column_ruins_columns_corner, serial_shops, kennysheep_little_box,
          shop_statue, shop, shop
D:10:     layout_gridville, gammafunk_ghost_icy, hangedman_pestilent_swarm
Temple:   nicolae_temple_the_god_donut
Lair:1:   layout_loops_ring, portal_ice_cave_entry_pillars_1, uniq_nergalle
Lair:2:   layout_loops_ring, basic_altar, columned_hall_lemuel,
          serial_bayou_shore_a, serial_bayou_shore_b
Lair:3:   layout_hall_layers, gauntlet_entry_generic, grunt_megastairs_2,
          minmay_lair_oklob_chamber, infiniplex_staircase_pool
Gauntlet: gammafunk_gauntlet_77_escape_option [minmay_gauntlet_arena_77_box,
          minmay_gauntlet_arena_77_checkered, minmay_gauntlet_arena_77_mess,
          minmay_gauntlet_arena_77_braids, minmay_gauntlet_arena_77_run_for_it,
          gauntlet_exit_spiral]

Skill      XL: |  1  2  3  4  5  6  7  8  9 10 11 12 |
---------------+-------------------------------------+-----
Shields        | 4 5 6 8 9 |  9.0
Axes           | 3 4 5 6 8 11 13 15 | 15.7
Evocations     | 5 |  5.0
Necromancy     | 3 |  3.0
Spellcasting   | 3 |  3.0
Fighting       | |  3.2
Armour         | |  3.2

Action                   |  1- 3 |  4- 6 |  7- 9 | 10-12 || total
-------------------------+-------+-------+-------+-------++-------
Melee: War axe           |    90 |   219 |   387 |   740 ||  1436
 Fire: Shortbow          |       |       |       |     3 ||     3
Throw: Stone             |     4 |     1 |       |       ||     5
       Boomerang         |       |     3 |    12 |    24 ||    39
Evoke: Wand              |       |       |       |    10 ||    10
  Use: Potion            |       |       |     3 |     5 ||     8
       Scroll            |       |       |     7 |     6 ||    13
 Stab: Paralysed         |       |       |       |     5 ||     5
  Eat: Ration            |       |     3 |     3 |     7 ||    13
Armor: Scale mail        |    35 |    99 |    80 |    12 ||   226
       Chain mail        |       |       |       |   155 ||   155
Dodge: Dodged            |    31 |    68 |   108 |   118 ||   325
Block: Kite shield       |    50 |   126 |   166 |   469 ||   811
       Reflection        |       |       |       |     2 ||     2

Table legend:
 A = Non-vault XP
 B = Vault XP
 C = Vault XP percentage of total XP
 D = Non-vault monster count
 E = Vault monster count
 F = Vault count percentage of total count
                 A         B        C        D         E       F
            +---------+---------+-------+---------+---------+-------
      Total |   14019 |    5199 |  27.1 |     259 |      61 |  19.1
            +---------+---------+-------+---------+---------+-------
        D:1 |      28 |       0 |   0.0 |      17 |       0 |   0.0
        D:2 |      84 |      18 |  17.6 |      22 |       3 |  12.0
        D:3 |     218 |       0 |   0.0 |      31 |       0 |   0.0
        D:4 |     215 |     893 |  80.6 |       9 |       3 |  25.0
        D:5 |     701 |     267 |  27.6 |      22 |       1 |   4.3
        D:6 |     869 |     360 |  29.3 |      18 |      35 |  66.0
        D:7 |    1056 |       0 |   0.0 |      23 |       0 |   0.0
        D:8 |    1552 |       0 |   0.0 |      37 |       0 |   0.0
        D:9 |    1303 |    1592 |  55.0 |      31 |      13 |  29.5
       D:10 |    1470 |    1110 |  43.0 |      17 |       4 |  19.0
     Lair:1 |    4083 |     792 |  16.2 |      21 |       1 |   4.5
     Lair:2 |    1466 |       0 |   0.0 |       7 |       0 |   0.0
     Lair:3 |     974 |       0 |   0.0 |       4 |       0 |   0.0
   Gauntlet |       0 |     167 | 100.0 |       0 |       1 | 100.0
            +---------+---------+-------+---------+---------+-------
